 Dungeon Crawl Stone Soup version 0.28-a0-938-gbc3f381ebc (webtiles) character file.

Game seed: 16797241004629557567

618 greenreed the Firebug (level 7, 0/51 HPs)
             Began as a Gnoll Fire Elementalist on Nov 29, 2021.
             Slain by a water moccasin (7 damage)
             ... on level 4 of the Dungeon.
             The game lasted 00:20:07 (5014 turns).

greenreed the Firebug (Gnoll Fire Elementalist)     Turns: 5014, Time: 00:20:08

Health: 0/51       AC:  3    Str:  8    XL:     7   Next: 45%
Magic:  4/15       EV: 15    Int: 16    God:
Gold:   262        SH:  0    Dex: 18    Spells: 14/17 levels left

rFire   . . .      SeeInvis .   u - staff of cold
rCold   + . .      Faith    .   (no shield)
rNeg    . . .      Spirit   .   a - +0 robe
rPois   .          Reflect  .   (no helmet)
rElec   .          Harm     .   (no cloak)
rCorr   .          Rampage  .   (no gloves)
Will    .....                   b - +0 pair of boots
Stlth   +++.......              (no amulet)
HPRegen 0.17/turn               w - +6 ring of dexterity
MPRegen 0.14/turn               m - ring of wizardry

@: lethally poisoned (0 -> -4)
A: fangs 1, strong nose, distributed training
a: no special abilities


You were on level 4 of the Dungeon.
You visited 1 branch of the dungeon, and saw 5 of its levels.
You also visited: Sewer.

You collected 284 gold pieces.
You spent 22 gold pieces at shops.

Inventory:

Hand Weapons
 e - a +0 whip
 g - a +2 short sword of speed
Missiles
 c - 23 poisoned darts
Armour
 a - a +0 robe (worn)
 b - a +0 pair of boots (worn)
 i - a +0 tower shield
Magical Staves
 u - a staff of cold (weapon)
Jewellery
 d - a ring of protection from fire
 m - a ring of wizardry (right hand)
 s - a +6 ring of strength
 w - a +6 ring of dexterity (left hand)
Scrolls
 k - 4 scrolls of identify
 o - a scroll of magic mapping {unknown}
 p - a scroll of torment {unknown}
 q - a scroll of acquirement {unknown}
 r - 2 scrolls of teleportation
 t - a scroll of fog {unknown}
 v - a scroll of summoning {unknown}
 y - a scroll of fear {unknown}
 z - a scroll of holy word {unknown}
Potions
 f - a potion of invisibility {unknown}
 h - a potion of curing {unknown}
 j - 5 potions of flight
 l - a potion of ambrosia {unknown}
 n - a potion of resistance {unknown}
 x - a potion of might {unknown}


   Skills:
 + Level 2.5 Fighting
 + Level 2.5 Short Blades
 + Level 2.5 Long Blades
 + Level 2.5 Axes
 + Level 2.5 Maces & Flails
 + Level 2.5 Polearms
 + Level 2.5 Staves
 + Level 2.5 Slings
 + Level 2.5 Bows
 + Level 2.5 Crossbows
 + Level 2.5 Throwing
 + Level 2.5 Armour
 + Level 5.2 Dodging
 + Level 4.9 Stealth
 + Level 2.5 Shields
 + Level 2.5 Unarmed Combat
 + Level 5.6 Spellcasting
 + Level 3.0 Conjurations
 + Level 2.0 Hexes
 + Level 2.0 Summonings
 + Level 2.0 Necromancy
 + Level 2.0 Translocations
 + Level 2.0 Transmutations
 + Level 5.8 Fire Magic
 + Level 2.0 Ice Magic
 + Level 2.0 Air Magic
 + Level 2.0 Earth Magic
 + Level 2.0 Poison Magic
 + Level 2.8 Invocations
 + Level 2.5 Evocations


You had 14 spell levels left.
You knew the following spells:

 Your Spells              Type           Power      Damage    Failure   Level
a - Foxfire               Conj/Fire      72%        2x1d7     1%          1
b - Scorch                Fire           46%        2d7       1%          2

Your spell library contained the following spells:

 Spells                   Type           Power      Damage    Failure   Level
 Conjure Flame            Conj/Fire      18%        6-21      2%          3
 Inner Flame              Hex/Fire       17%        N/A       3%          3
 Flame Wave               Conj/Fire      18%        2d5       9%          4
 Chain Lightning          Conj/Air       6%         3d8       100%        9
 Fire Storm               Conj/Fire      9%         8d2       100%        9
 Shatter                  Erth           5%         3d8*      100%        9


Dungeon Overview and Level Annotations

Branches:
Dungeon (5/15)              Sewer (visited)
 Temple: D:4-7

Altars:
Ashenzari

Shops:
D:1 ?


Innate Abilities, Weirdness & Mutations

You have very sharp teeth.
Your uncanny sense of smell can sniff out nearby items.
Your experience applies equally to all skills.


Message History

Casting: Scorch (safe; 1% risk of failure)
Confirm with . or Enter, or press ? or * to list all spells.
Flames lash the ice beast.
The ice beast melts!
The ice beast is severely wounded.
The ice beast's fire resistance burns away.
The water moccasin closely misses you. The water moccasin bites you.
* * * LOW HITPOINT WARNING * * *
You are poisoned.
The water moccasin poisons you!
Casting: Scorch (safe; 1% risk of failure)
Confirm with . or Enter, or press ? or * to list all spells.
Flames lash the ice beast.
The ice beast melts!
The ice beast is almost dead.
* * * LOW HITPOINT WARNING * * *
You feel very sick. The water moccasin closely misses you.
Casting: Scorch (safe; 1% risk of failure)
Confirm with . or Enter, or press ? or * to list all spells.
Flames lash the ice beast.
The ice beast melts!
You kill the ice beast!
You feel sick.
The water moccasin barely misses you. x2
Your Conjurations skill increases to level 3!
Your Hexes skill increases to level 2!
Your Summonings skill increases to level 2!
Your Necromancy skill increases to level 2!
Your Translocations skill increases to level 2!
Your Transmutations skill increases to level 2!
Your Ice Magic skill increases to level 2!
Your Air Magic skill increases to level 2!
Your Earth Magic skill increases to level 2!
Your Poison Magic skill increases to level 2!
You barely miss the water moccasin.
The water moccasin is lightly wounded.
You feel sick.
The water moccasin is no longer more vulnerable to fire.
The water moccasin closely misses you.
You hit the water moccasin.
The water moccasin is lightly wounded.
You feel sick. The water moccasin bites you!
You die...

#.####.#......#...'...'.....
######......#.##.#######...######
..........(......>.....#...#
###########.####.###############
...............................#
###########.####.#..........##.#
.................+..........+#.#
###########.####S#..........##.#
###.## #@#..........##.## #
#....# #.#########.#..... #
#.#..# #...........#.#.## #
#.#..###############.#...
#########.#......# #####.####
........#.#.####.# #.....#
.######.#.#....#.#######.##### .#
#.#.#...........##.# # .#
#.#.#.##.#.####.##.########


You could see a water moccasin.

Vanquished Creatures
  2 ice beasts (D:4)
  A centaur (D:4)
  A water moccasin skeleton (D:4)
  2 hounds
  A merfolk siren (Sewer)
  A merfolk avatar (Sewer)
  5 adders
  3 gnolls (D:3)
  A river rat (D:3)
  A worm (D:3)
  4 dart slugs
  4 orcs (D:5)
  14 ball pythons
  7 bats
  3 endoplasms
  7 giant cockroaches
  10 goblins
  5 hobgoblins
  4 jackals (D:2)
  8 kobolds
  5 quokkas
  4 frilled lizards
  26 rats
119 creatures vanquished.

Vanquished Creatures (others)
  327 foxfires
  2 plants (D:2)
329 creatures vanquished.

Grand Total: 448 creatures vanquished

Notes
Turn   | Place    | Note
-------+----------+-------------------------------------------
     0 | D:1      | greenreed the Gnoll Fire Elementalist began the quest for
                  | the Orb.
     0 | D:1      | Reached XP level 1. HP: 13/13 MP: 6/6
   222 | D:1      | Reached XP level 2. HP: 18/19 MP: 2/7
   714 | D:1      | Reached skill level 5 in Spellcasting
   714 | D:1      | Reached XP level 3. HP: 25/25 MP: 1/9
  1061 | D:1      | Learned a level 2 spell: Scorch
  1207 | D:1      | Found Ozoegeas's Magic Scroll Boutique.
  1216 | D:1      | Bought a scroll of identify for 22 gold pieces
  1312 | D:1      | Reached skill level 1 in Invocations
  1398 | D:2      | Found a broken altar of Ashenzari.
  1515 | D:2      | Reached skill level 1 in Fighting
  1515 | D:2      | Reached skill level 1 in Short Blades
  1515 | D:2      | Reached skill level 1 in Long Blades
  1515 | D:2      | Reached skill level 1 in Axes
  1515 | D:2      | Reached skill level 1 in Maces & Flails
  1515 | D:2      | Reached skill level 1 in Polearms
  1515 | D:2      | Reached skill level 1 in Staves
  1515 | D:2      | Reached skill level 1 in Slings
  1515 | D:2      | Reached skill level 1 in Bows
  1515 | D:2      | Reached skill level 1 in Crossbows
  1515 | D:2      | Reached skill level 1 in Throwing
  1515 | D:2      | Reached skill level 1 in Armour
  1515 | D:2      | Reached skill level 1 in Shields
  1515 | D:2      | Reached skill level 1 in Unarmed Combat
  1515 | D:2      | Reached skill level 1 in Evocations
  1515 | D:2      | Reached XP level 4. HP: 32/32 MP: 6/11
  1942 | D:2      | Found a faded altar of an unknown god.
  2030 | D:3      | Reached skill level 1 in Hexes
  2030 | D:3      | Reached skill level 1 in Summonings
  2030 | D:3      | Reached skill level 1 in Necromancy
  2030 | D:3      | Reached skill level 1 in Translocations
  2030 | D:3      | Reached skill level 1 in Transmutations
  2030 | D:3      | Reached skill level 1 in Ice Magic
  2030 | D:3      | Reached skill level 1 in Air Magic
  2030 | D:3      | Reached skill level 1 in Earth Magic
  2030 | D:3      | Reached skill level 1 in Poison Magic
  2167 | D:3      | Reached XP level 5. HP: 37/37 MP: 9/12
  2511 | D:3      | Found a glowing drain.
  2552 | Sewer    | Entered a sewer
  2908 | Sewer    | Reached XP level 6. HP: 43/44 MP: 9/13
  3561 | D:4      | Reached skill level 5 in Dodging
  3715 | D:4      | Noticed an ice beast
  3725 | D:4      | Killed an ice beast
  4049 | D:4      | Reached XP level 7. HP: 33/50 MP: 10/15
  4920 | D:5      | Entered Level 5 of the Dungeon
  5014 | D:4      | Slain by a water moccasin

Illustrated notes

Levels and vault maps discovered:
D:1:      scummos_arrival_hexagon, layout_loops_ring, serial_shops,
          nicolae_lakefront_shop
D:2:      layout_rooms, basic_altar, shapermc_ecumenical_altar_petra
D:3:      layout_basic, portal_sewer_entry_a
D:4:      layout_basic
D:5:      layout_basic

Skill      XL: |  1  2  3  4  5  6  7 |
---------------+----------------------+-----
Conjurations   | 2 3 |  3.0
Spellcasting   | 5 |  5.6
Invocations    | 1 2 |  2.8
Fighting       | 1 2 |  2.5
Short Blades   | 1 2 |  2.5
Long Blades    | 1 2 |  2.5
Axes           | 1 2 |  2.5
Maces & Flails | 1 2 |  2.5
Polearms       | 1 2 |  2.5
Staves         | 1 2 |  2.5
Slings         | 1 2 |  2.5
Bows           | 1 2 |  2.5
Crossbows      | 1 2 |  2.5
Throwing       | 1 2 |  2.5
Armour         | 1 2 |  2.5
Shields        | 1 2 |  2.5
Unarmed Combat | 1 2 |  2.5
Evocations     | 1 2 |  2.5
Hexes          | 1 2 |  2.0
Summonings     | 1 2 |  2.0
Necromancy     | 1 2 |  2.0
Translocations | 1 2 |  2.0
Transmutations | 1 2 |  2.0
Ice Magic      | 1 2 |  2.0
Air Magic      | 1 2 |  2.0
Earth Magic    | 1 2 |  2.0
Poison Magic   | 1 2 |  2.0
Dodging        | 5 |  5.2
Stealth        | |  4.9
Fire Magic     | |  5.8

Action                   |  1- 3 |  4- 6 |  7- 9 || total
-------------------------+-------+-------+-------++-------
Melee: Short sword       |     2 |    17 |       ||    19
       Bite              |       |     2 |     1 ||     3
       Staff             |       |     1 |     8 ||     9
 Cast: Foxfire           |    67 |   112 |    26 ||   205
       Scorch            |       |     7 |     7 ||    14
 Stab: Sleeping          |       |     3 |       ||     3
Armor: Robe              |     1 |     6 |     7 ||    14
Dodge: Dodged            |     8 |    20 |    34 ||    62

Table legend: (Time is in decaauts)
 A = Elapsed time spent in this place.
 B = Non-inter-level travel time spent in this place.
 C = Inter-level travel time spent in this place.
 D = Time resting spent in this place.
 E = Time spent auto-exploring this place.
 F = Levels seen in this place.
 G = Mean time per level.
                   A        B        C        D        E       F      G
               +--------+--------+--------+--------+--------+-----+--------+
         Total |   5055 |   4849 |    206 |    591 |   3409 |   6 |  842.5 |
       Dungeon |   4418 |   4212 |    206 |    524 |   3052 |   5 |  883.6 |
         Sewer |    637 |    637 |      0 |     67 |    357 |   1 |  637.0 |
               +--------+--------+--------+--------+--------+-----+--------+

Top non-repeatable levels by time:
     D:4: 1512 daAuts
     D:1: 1460 daAuts
     D:3: 890 daAuts
   Sewer: 637 daAuts
     D:2: 526 daAuts
     D:5: 28 daAuts
